 Dungeon Crawl Stone Soup version 0.23-a0-73-g64c3ba73d4 (webtiles) character file.

245 Nilun the Firebug (level 5, 0/39 HPs)
             Began as a Draconian Fire Elementalist on Aug 8, 2018.
             Slain by a worker ant (2 damage)
             ... on level 4 of the Dungeon on Aug 10, 2018.
             The game lasted 00:07:53 (3565 turns).

Nilun the Firebug (Draconian Fire Elementalist)     Turns: 3565, Time: 00:07:53

Health: 0/39       AC:  6    Str: 10    XL:     5   Next: 84%
Magic:  3/9        EV: 12    Int: 17    God:
Gold:   119        SH:  0    Dex: 11    Spells: 4/10 levels left

rFire    . . .     SeeInvis .   r - +0 spear
rCold    . . .     Gourm    .   (no shield)
rNeg     . . .     Faith    .   (armour unavailable)
rPois    .         Spirit   .   (helmet restricted)
rElec    .         Reflect  .   (no cloak)
rCorr    .         Harm     .   (no gloves)
MR       .....                  m - +0 pair of boots (curse)
Stlth    ++........             (no amulet)
HPRegen  0.13/turn              (no ring)
MPRegen  0.11/turn              (no ring)

@: no status effects
A: unfitting armour, cold-blooded, AC +5
a: no special abilities


You were on level 4 of the Dungeon.
You were hungry.

You visited 1 branch of the dungeon, and saw 4 of its levels.

You collected 119 gold pieces.

Inventory:

Hand Weapons
 r - a +0 spear (weapon)
Armour
 m - a cursed +0 pair of boots (worn)
Wands
 o - a wand of disintegration (12)
 t - a wand of enslavement (11)
Scrolls
 a - 2 scrolls of blinking {unknown}
 c - 3 scrolls of fog {unknown}
 e - 2 scrolls of remove curse {unknown}
 g - a scroll of fear {unknown}
 h - a scroll of identify {unknown}
 i - 2 scrolls of amnesia {unknown}
 l - a scroll of enchant armour {unknown}
 n - a scroll of noise {unknown}
 q - 3 scrolls of teleportation {unknown}
Potions
 d - 3 potions of degeneration {unknown}
 f - a potion of resistance {unknown}
 j - 2 potions of curing {unknown}
 k - a potion of invisibility {unknown}
 p - 3 potions of brilliance {unknown}
 s - a potion of mutation {unknown}
Comestibles
 b - 9 rations
 u - a chunk of flesh


   Skills:
 + Level 0.3 Fighting
 + Level 0.3 Polearms
 + Level 2.3 Dodging
 + Level 2.2 Stealth
 + Level 0.4 Unarmed Combat
 + Level 3.3 Spellcasting
 + Level 2.6 Conjurations
 + Level 4.5 Fire Magic


You had 4 spell levels left.
You knew the following spells:

 Your Spells              Type           Power        Failure   Level  Hunger
a - Flame Tongue          Conj/Fire      ###..        4%          1    None
b - Throw Flame           Conj/Fire      ###...       6%          2    ##.....
c - Conjure Flame         Conj/Fire      ###.....     12%         3    ###....

Your spell library contained the following spells:

 Spells                   Type           Power        Failure   Level  Hunger
 Fireball                 Conj/Fire      ###.......   73%         5    ######.
 Sticky Flame             Conj/Fire      ###.....     36%         4    ####...
 Inner Flame              Hex/Fire       ##......     21%         3    ###....


Dungeon Overview and Level Annotations

Branches:
Dungeon (4/15)
 Temple: D:4-7

Altars:
Makhleb
Sif Muna


Innate Abilities, Weirdness & Mutations

Your plain brown scales are hard. (AC +5)
You cannot fit into any form of body armour.
You are cold-blooded and may be slowed by cold attacks.


Message History

The orc priest is heavily wounded.
The orc priest miscasts a cantrip.
Casting: Flame Tongue (safe; 4% risk of failure)
Confirm with . or Enter, or press ? or * to list all spells.
Aiming: Flame Tongue (safe; 4% risk of failure)
Press: ? - help, Shift-Dir - straight line, f/p - orc priest
Aim: an orc priest, wielding a mace and wearing a leather armour (heavily wounded)
The flame tongue hits the orc priest.
The orc priest is almost dead.
The orc priest hits you with a mace!
* * * LOW HITPOINT WARNING * * *
Casting: Flame Tongue (safe; 4% risk of failure)
Confirm with . or Enter, or press ? or * to list all spells.
Aiming: Flame Tongue (safe; 4% risk of failure)
Press: ? - help, Shift-Dir - straight line, f/p - orc priest
Aim: an orc priest, wielding a mace and wearing a leather armour (almost dead)
The flame tongue hits the orc priest.
You kill the orc priest!
The worker ant bites you.
You die...

.....# ###.....# ..
..(..# #..(....# ###...
.....###.......###
.....
.........._....o.##.#.#
.....#.......###.#....#
######.....a.# #...#.#
#.....### #s....#
#...s.# #a##### #####.#
#@# #a.# ###.#
...####...# ....#
#..### .s.oa. #.##
o..... ###.# .....
#...# ..... #.### #.#


You could see a worker ant, an orc priest and a giant cockroach.

Vanquished Creatures
  2 orc priests
  An orc wizard (D:3)
  Ijyb (D:3)
  A worker ant (D:4)
  3 adders
  2 worms
  2 dart slugs
  A leopard gecko (D:1)
  5 orcs (D:3)
  2 ball pythons (D:1)
  8 bats
  2 giant cockroaches
  8 goblins
  6 hobgoblins
  5 jackals
  5 kobolds
  2 quokkas
  7 frilled lizards
  6 rats
69 creatures vanquished.

Notes
Turn   | Place    | Note
-------+----------+-------------------------------------------
     0 | D:1      | Nilun the Draconian Fire Elementalist began the quest for the Orb.
     0 | D:1      | Reached XP level 1. HP: 14/14 MP: 3/3
   122 | D:1      | Upgraded the game from 0.23-a0-54-gae6112e33f to 0.23-a0-73-g64c3ba73d4
   392 | D:1      | Reached XP level 2. HP: 20/20 MP: 3/5
   889 | D:2      | Learned a level 2 spell: Throw Flame
  1106 | D:2      | Reached XP level 3. HP: 16/26 MP: 0/6
  1302 | D:2      | Learned a level 3 spell: Conjure Flame
  1455 | D:2      | Found a burning altar of Makhleb.
  1712 | D:2      | Reached skill level 4 in Fire Magic
  1882 | D:3      | Noticed Ijyb
  1895 | D:3      | Killed Ijyb
  1895 | D:3      | Reached XP level 4. HP: 16/33 MP: 0/7
  2700 | D:3      | Reached XP level 5. HP: 31/38 MP: 0/9
  3345 | D:4      | Found a deep blue altar of Sif Muna.
  3565 | D:4      | Slain by a worker ant

Vault maps used:
D:1:      wheals_arrival_shading
D:2:      lightli_temple_of_fire
D:3:      first_ration, uniq_ijyb
D:4:      nicolae_overflow_crystal_walls

Skill      XL: |  1  2  3  4 |
---------------+-------------+-----
Dodging        | 2 |  2.3
Stealth        | 2 |  2.2
Fire Magic     | 4 |  4.5
Spellcasting   | 3 |  3.3
Conjurations   | 2 |  2.6
Fighting       | |  0.3
Polearms       | |  0.3
Unarmed Combat | |  0.4

Action                   |  1- 3 |  4- 6 || total
-------------------------+-------+-------++-------
Melee: Unarmed           |    30 |     9 ||    39
       Tailslap          |     3 |     4 ||     7
       Spear             |       |    31 ||    31
 Cast: Flame Tongue      |    59 |    65 ||   124
       Conjure Flame     |       |     1 ||     1
  Eat: Chunk             |     4 |     5 ||     9
Armor: Skin              |    10 |    20 ||    30
Dodge: Dodged            |    25 |    44 ||    69

Table legend:
 A = Non-vault XP
 B = Vault XP
 C = Vault XP percentage of total XP
 D = Non-vault monster count
 E = Vault monster count
 F = Vault count percentage of total count
 G = Total turns spent on level
                 A         B        C        D         E       F
            +---------+---------+-------+---------+---------+-------
      Total |     316 |      35 |  10.0 |      68 |       1 |   1.4
            +---------+---------+-------+---------+---------+-------
        D:1 |      25 |       0 |   0.0 |      15 |       0 |   0.0
        D:2 |      42 |       0 |   0.0 |      18 |       0 |   0.0
        D:3 |     133 |      35 |  20.8 |      26 |       1 |   3.7
        D:4 |     116 |       0 |   0.0 |       9 |       0 |   0.0
            +---------+---------+-------+---------+---------+-------
